Description

Replay - Frobilicious v JimRising - Triton LE

Build Order

Get SALT Encoding   

  12  0:00  SCV  
  13  0:13  SCV  
  14  0:17  Supply Depot  
  14  0:25  SCV  
  15  0:29  Refinery  
  15  0:39  SCV  
  16  0:45  Barracks  
  16  0:51  SCV  
  17  1:03  SCV  
  18  1:15  SCV  
  19  1:32  Orbital Command, Reaper  
  20  1:43  Command Center  
  20  1:54  Factory  
  20  1:58  SCV  
  21  2:08  Barracks Reactor  
  21  2:10  Refinery  
  21  2:11  SCV  
  22  2:17  Supply Depot  
  22  2:23  SCV  
  24  2:47  Starport  
  25  2:52  Hellion x2  
  25  2:55  Barracks Tech Lab  
  29  3:00  Orbital Command  
  30  3:14  Hellion  
  33  3:21  Hellion  
  34  3:33  Cloaking Field  
  36  3:35  Supply Depot  
  36  3:39  Banshee  
  39  3:47  Hellion x2  
  45  3:58  Supply Depot  
  45  4:00  Barracks Tech Lab  
  46  4:07  Supply Depot  
  49  4:25  Banshee  
  54  4:37  Marine x2  
  56  4:39  Siege Tank, Command Center  
  61  4:49  Refinery x2  
  61  4:58  Marine x2  
  67  5:10  Banshee  
  70  5:15  Siege Tank  
  75  5:34  Factory x2  
  77  5:50  Armory x2  
  79  6:01  Siege Tank  
  82  6:09  Banshee  
  85  6:16  Orbital Command  
  87  6:24  Refinery x2  
  87  6:26  Factory Tech Lab  
  89  6:35  Siege Tank  
  89  6:36  Hellion x2  
  97  6:47  Siege Tank  
  100  6:51  Terran Vehicle Weapons Level 1  
  102  6:54  Engineering Bay  
  102  7:00  Terran Vehicle And Ship Armor Level 1  
  109  7:20  Thor  
  120  7:25  Barracks Reactor  
  120  7:26  Thor  
  120  7:28  Hellion x2  
  124  7:35  Factory x2  
  121  7:54  Missile Turret x4  
  121  8:02  Command Center  
  121  8:03  Thor  
  128  8:13  Thor  
  128  8:16  Infernal Pre-Igniter  
  128  8:18  Missile Turret  
  137  8:27  Smart Servos  
  137  8:29  Siege Tank  
  137  8:32  Factory Reactor  
  141  8:47  Siege Tank  
  145  8:52  Thor  
  145  8:54  Command Center  
  146  9:04  Siege Tank  
  146  9:06  Viking x2  
  160  9:16  Planetary Fortress  
  164  9:23  Terran Vehicle Weapons Level 2  
  167  9:25  Terran Vehicle And Ship Armor Level 2  
  163  9:40  Refinery x2, Sensor Tower x2  
  166  9:48  Viking x2  
  166  9:49  Siege Tank  
Spawning Tool Build Advisor. Get it on Overwolf

Analysis

Go to:

Details

  • Created by: Rey40fp
  • Published on: Sep 02, 2019
  • Modified on: Sep 02, 2019
  • Patch: 4.7.1
Show
View Real Time Build Order
Export as new Build Order

Comments (0)

There are no comments. Be the first!

Create an account to comment!